 Dungeon Crawl Stone Soup version 0.25.0-46-gbd7b0854d2 (webtiles) character file.

Game seed: 4979963124771158393

516 Dirian the Slasher (level 7, 0/60 HPs)
             Began as a Minotaur Fighter on July 14, 2020.
             Slain by a centaur
             ... wielding a cursed -3 shortbow
              (2 damage)
             ... on level 4 of the Dungeon.
             The game lasted 00:04:02 (2842 turns).

Dirian the Slasher (Minotaur Fighter)               Turns: 2842, Time: 00:04:03

Health: 0/60       AC:  8    Str: 22    XL:     7   Next: 0%
Magic:  6/6        EV:  7    Int:  5    God:
Gold:   145        SH: 11    Dex: 10    Spells: 6/6 levels left

rFire    . . .     SeeInvis .   a - +0 long sword
rCold    . . .     Gourm    .   c - +1 kite shield
rNeg     . . .     Faith    .   b - +0 scale mail
rPois    +         Spirit   .   (helmet restricted)
rElec    .         Reflect  .   p - +0 cloak
rCorr    .         Harm     .   (no gloves)
MR       .....                  (no boots)
Stlth    ..........             (no amulet)
HPRegen  0.20/turn              n - ring of poison resistance
MPRegen  0.10/turn              (no ring)

@: no status effects
A: retaliatory headbutt, horns 2
a: no special abilities


You were on level 4 of the Dungeon.
You were not hungry.

You visited 1 branch of the dungeon, and saw 4 of its levels.

You collected 145 gold pieces.

Inventory:

Hand Weapons
 a - a +0 long sword (weapon)
Armour
 b - a +0 scale mail (worn)
 c - a +1 kite shield (worn)
 p - a +0 cloak (worn)
Jewellery
 n - a ring of poison resistance (left hand)
Scrolls
 f - 2 scrolls of fog
 j - a scroll of magic mapping
Potions
 g - a potion of invisibility
 h - a potion of cancellation
 i - a potion of magic
 m - 2 potions of curing {unknown}
 o - 2 potions of stabbing {unknown}
 q - a potion of flight {unknown}
 s - a potion of degeneration {unknown}
 u - a potion of ambrosia {unknown}
 v - a potion of haste {unknown}
Comestibles
 e - 3 rations
 k - 2 chunks of flesh


   Skills:
 + Level 4.6 Fighting
 * Level 7.2 Long Blades
 + Level 4.9 Armour
 + Level 4.9 Shields


You had 6 spell levels left.
You didn't know any spells.
Your spell library was empty.

Dungeon Overview and Level Annotations

Branches:
Dungeon (4/15)
 Temple: D:4-7

Altars:
Fedhas


Innate Abilities, Weirdness & Mutations

You reflexively headbutt those who attack you in melee.
You have a pair of horns on your head.


Message History

The orc priest is almost dead.
The orc priest hits you with a +0 war axe.
* * * LOW HITPOINT WARNING * * *
The centaur hits you with a cursed -3 shortbow.
* * * LOW HITPOINT WARNING * * *
You hit the orc priest.
You kill the orc priest!
You have reached level 7!
You block the centaur's attack.
The centaur hits you with a cursed -3 shortbow.
* * * LOW HITPOINT WARNING * * *
You hit the centaur.
The centaur is heavily wounded.
The centaur hits you with a cursed -3 shortbow.
* * * LOW HITPOINT WARNING * * *
You barely miss the centaur.
The centaur is heavily wounded.
You block the centaur's attack.
The centaur hits you with a cursed -3 shortbow.
You die...

# .. . #.. #.
... #. #.# #.#
..#
#..##.##...
#.c)....# #@#
#(# # #(# .#
#.#####.##.#.#
#............#
#######)##.###
#.# # #.# #.#


You could see a centaur.

Vanquished Creatures
  A centaur (D:4)
  2 orc priests
  7 orc wizards
  Robin (D:2)
  2 adders
  4 gnolls (D:3)
  2 worms (D:2)
  3 dart slugs
  4 leopard geckos
  15 orcs
  2 giant cockroaches
  17 goblins
  7 hobgoblins
  8 kobolds
  A quokka (D:3)
  9 bats
  6 frilled lizards
  7 rats
98 creatures vanquished.

Notes
Turn   | Place    | Note
-------+----------+-------------------------------------------
     0 | D:1      | Dirian the Minotaur Fighter began the quest for the Orb.
     0 | D:1      | Reached XP level 1. HP: 19/19 MP: 0/0
   408 | D:1      | Reached XP level 2. HP: 27/27 MP: 1/1
  1144 | D:2      | Noticed Robin
  1151 | D:2      | Killed Robin
  1151 | D:2      | Reached skill level 3 in Long Blades
  1153 | D:2      | Reached XP level 3. HP: 32/33 MP: 2/2
  1397 | D:2      | Reached XP level 4. HP: 38/40 MP: 3/3
  1662 | D:2      | Reached skill level 4 in Long Blades
  1789 | D:2      | Found a blossoming altar of Fedhas.
  2021 | D:3      | Reached XP level 5. HP: 45/46 MP: 4/4
  2119 | D:3      | Reached skill level 5 in Long Blades
  2399 | D:3      | Reached skill level 6 in Long Blades
  2399 | D:3      | Reached XP level 6. HP: 38/53 MP: 5/5
  2827 | D:4      | Reached skill level 7 in Long Blades
  2840 | D:4      | Reached XP level 7. HP: 8/60 MP: 6/6
  2841 | D:4      | HP: 2/60 [centaur/cursed -3 shortbow (5)]
  2842 | D:4      | Slain by a centaur

Illustrated notes

Levels and vault maps discovered:
D:1:      dpeg_arrival_circle_labyrinth_c, layout_basic
D:2:      minmay_alternating_diamond, layout_basic, fedhas_ov_isle_minmay,
          uniq_robin
D:3:      layout_rooms, minmay_fractal_squares_gapless_5
D:4:      layout_loops_ring, kennysheep_mini_moat, minmay_manual_mares,
          uniq_eustachio

Skill      XL: |  1  2  3  4  5  6 |
---------------+-------------------+-----
Fighting       | 4 |  4.6
Long Blades    | 3 4 6 7 |  7.2
Armour         | 4 |  4.9
Shields        | 4 |  4.9

Action                   |  1- 3 |  4- 6 |  7- 9 || total
-------------------------+-------+-------+-------++-------
Melee: Long sword        |    70 |   142 |     2 ||   214
       Headbutt          |     6 |    19 |       ||    25
  Use: Potion            |     1 |       |       ||     1
       Scroll            |       |     8 |       ||     8
  Eat: Chunk             |     2 |     4 |       ||     6
Armor: Scale mail        |    32 |    54 |       ||    86
Dodge: Dodged            |    18 |    46 |       ||    64
Block: Kite shield       |    31 |    75 |     2 ||   108
       Rpst.: Long sword |     5 |    13 |       ||    18
